 Dungeon Crawl Stone Soup version 0.30-a0-639-g3916f1956a (webtiles) character file.

Game seed: 17800860826697431682

224 wormed the Charlatan (level 6, -5/44 HPs)
             Began as a Gnoll Wanderer on Jan 16, 2023.
             Splashed by a jelly's acid (9 damage)
             ... on level 4 of the Dungeon.
             The game lasted 00:02:49 (2498 turns).

wormed the Charlatan (Gnoll Wanderer)               Turns: 2498, Time: 00:02:50

Health: -5/44      AC: -6    Str: 11    XL:     6   Next: 0%
Magic:  9/11       EV: 12    Int: 12    God:
Gold:   144        SH:  0    Dex: 13    Spells: 10/11 levels left

rFire   . . .      SeeInvis .    a - +0 rapier (venom)
rCold   . . .      Faith    .    (no shield)
rNeg    . . .      Spirit   .    d - +0 robe
rPois   .          Reflect  .    i - +2 helmet
rElec   .          Harm     .    (no cloak)
rCorr   .          Rampage  .    (no gloves)
Will    .....                    (no boots)
Stlth   ++                       (no amulet)
HPRegen 0.27/turn                (no ring)
MPRegen 0.12/turn                (no ring)

@: weak-willed, corroded
A: fangs 1, strong nose, distributed training
a: no special abilities


You were on level 4 of the Dungeon.
You visited 1 branch of the dungeon, and saw 4 of its levels.

You collected 144 gold pieces.

Inventory:

Hand Weapons
 a - a +0 rapier of venom (weapon)
Missiles
 j - 4 poisoned darts
Armour
 d - a +0 robe (worn)
 i - a +2 helmet (worn)
Wands
 b - a wand of flame (2) (quivered)
Potions
 f - 2 potions of attraction
 g - a potion of lignification {unknown}
 h - a potion of curing
 m - a potion of might {unknown}


   Skills:
 + Level 1.8 Fighting
 + Level 6.8 Short Blades
 + Level 1.8 Long Blades
 + Level 1.8 Axes
 + Level 1.8 Maces & Flails
 + Level 1.8 Polearms
 + Level 1.8 Staves
 + Level 1.8 Ranged Weapons
 + Level 1.8 Throwing
 + Level 1.8 Armour
 + Level 1.8 Dodging
 + Level 3.0 Stealth
 + Level 1.8 Shields
 + Level 1.8 Unarmed Combat
 + Level 3.3 Spellcasting
 + Level 1.4 Conjurations
 + Level 4.0 Hexes
 + Level 1.4 Summonings
 + Level 1.4 Necromancy
 + Level 1.4 Translocations
 + Level 1.4 Transmutations
 + Level 1.4 Fire Magic
 + Level 1.4 Ice Magic
 + Level 1.4 Air Magic
 + Level 1.4 Earth Magic
 + Level 1.4 Poison Magic
 + Level 2.0 Invocations
 + Level 6.8 Evocations


You had 10 spell levels left.
You knew the following spells:

 Your Spells              Type           Power      Damage    Failure   Level
a - Slow                  Hex            44%        N/A       4%          1

Your spell library contained the following spells:

 Spells                   Type           Power      Damage    Failure   Level
 Necrotise                Necr           20%        1d5       13%         1
 Tukima's Dance           Hex            11%        N/A       13%         3
 Poisonous Vapours        Pois/Air       10%        N/A       21%         2
 Borgnjor's Vile Clutch   Necr/Erth      2%         N/A       98%         5
 Lightning Bolt           Conj/Air       2%         1d14      98%         5
 Necromutation            Tmut/Necr      2%         N/A       100%        8


Dungeon Overview and Level Annotations

Branches:
Dungeon (4/15)
 Temple: D:4-7

Altars:
Kikubaaqudgha
Sif Muna
Vehumet

Shops:
D:2 [


Innate Abilities, Weirdness & Mutations

You have very sharp teeth.
Your uncanny sense of smell can sniff out nearby items.
Your experience applies equally to all skills.


Message History

An iguana is nearby!
An iguana is nearby!
A jelly comes into view.
The jelly quivers.
You puncture the iguana!
The iguana is poisoned.
The iguana is heavily wounded.
You hit the iguana but do no damage.
The iguana looks as sick as possible!
The iguana is heavily wounded.
The iguana bites you.
You hit the iguana.
The iguana looks as sick as possible!
You bite the iguana, but do no damage.
The iguana is severely wounded.
You kill the iguana!
Your Stealth skill increases to level 3!
Your Invocations skill increases to level 2!
You have reached level 6!
The jelly hits you but does no damage.
You puncture the jelly! The acid corrodes you!
Your hands burn!
The jelly is heavily wounded.
The jelly barely misses you.
You hit the jelly.
Your hands burn!
The jelly is heavily wounded.
The jelly hits you.
You are splashed with acid!
You hit the jelly.
Your hands burn!
You punch the jelly.
The jelly is almost dead.
The jelly misses you.
You hit the jelly but do no damage.
The jelly is poisoned.
Your hands burn!
The jelly is almost dead.
The jelly hits you. The acid corrodes you!
You are splashed with acid!
* * * LOW HITPOINT WARNING * * *
You are too injured to fight recklessly!
You are too injured to fight recklessly!
You hit the jelly but do no damage.
The jelly looks as sick as possible!
The acid corrodes you!
Your hands burn!
* * * LOW HITPOINT WARNING * * *
The jelly is almost dead.
The jelly hits you.
* * * LOW HITPOINT WARNING * * *
You are splashed with acid!
You die...

#.......
...##.......
...#.......# ..
...........## ...
............##....
..................
..........<.# ∆
##..........#
#......@..#..#
###...J.....##
##.......##
#.###.#... #..
##...... ## ...#.#
######


You could see a jelly (extremely poisoned).

Vanquished Creatures
  Pargi (D:3)
  An iguana (D:4)
  4 adders
  A worm (D:3)
  4 dart slugs
  2 ball pythons (D:3)
  11 endoplasms
  5 giant cockroaches
  4 goblins
  2 hobgoblins (D:1)
  5 jackals
  3 quokkas
  4 bats
  4 frilled lizards
  3 kobolds
  4 rats
58 creatures vanquished.

Notes
Turn   | Place    | Note
-------+----------+-------------------------------------------
     0 | D:1      | wormed the Gnoll Wanderer began the quest for the Orb.
     0 | D:1      | wormed set off with the following items: a +0 rapier, a
                  | wand of flame (6), a scroll of fear, a +0 robe; and the
                  | following spell memorised: Slow; and the following spells
                  | available to memorise: Tukima's Dance.
     0 | D:1      | Reached XP level 1. HP: 13/13 MP: 4/4
   150 | D:1      | Reached XP level 2. HP: 12/19 MP: 5/5
   579 | D:1      | Got the Octavo of Distant Worlds
  1005 | D:1      | Reached XP level 3. HP: 25/25 MP: 7/7
  1162 | D:2      | Reached skill level 1 in Invocations
  1288 | D:2      | Reached skill level 1 in Fighting
  1288 | D:2      | Reached skill level 1 in Long Blades
  1288 | D:2      | Reached skill level 1 in Axes
  1288 | D:2      | Reached skill level 1 in Maces & Flails
  1288 | D:2      | Reached skill level 1 in Polearms
  1288 | D:2      | Reached skill level 1 in Staves
  1288 | D:2      | Reached skill level 1 in Ranged Weapons
  1288 | D:2      | Reached skill level 1 in Throwing
  1288 | D:2      | Reached skill level 1 in Armour
  1288 | D:2      | Reached skill level 1 in Dodging
  1288 | D:2      | Reached skill level 1 in Shields
  1288 | D:2      | Reached skill level 1 in Unarmed Combat
  1471 | D:2      | Reached XP level 4. HP: 32/32 MP: 8/8
  1568 | D:2      | Found Eczag's Antique Armour Boutique.
  1657 | D:2      | Found a faded altar of an unknown god.
  1976 | D:3      | Noticed Pargi
  2024 | D:3      | Killed Pargi
  2025 | D:3      | Reached skill level 1 in Conjurations
  2025 | D:3      | Reached skill level 1 in Summonings
  2025 | D:3      | Reached skill level 1 in Necromancy
  2025 | D:3      | Reached skill level 1 in Translocations
  2025 | D:3      | Reached skill level 1 in Transmutations
  2025 | D:3      | Reached skill level 1 in Fire Magic
  2025 | D:3      | Reached skill level 1 in Ice Magic
  2025 | D:3      | Reached skill level 1 in Air Magic
  2025 | D:3      | Reached skill level 1 in Earth Magic
  2025 | D:3      | Reached skill level 1 in Poison Magic
  2025 | D:3      | Reached XP level 5. HP: 18/37 MP: 9/9
  2213 | D:3      | Found a shimmering blue altar of Sif Muna.
  2213 | D:3      | Found an ancient bone altar of Kikubaaqudgha.
  2215 | D:3      | Found a radiant altar of Vehumet.
  2218 | D:3      | Got Kikubaaqudgha's Disquisition on Profane Mysteries
  2493 | D:4      | Reached XP level 6. HP: 41/44 MP: 9/11
  2498 | D:4      | Splashed by a jelly's acid

Illustrated notes

Levels and vault maps discovered:
D:1:      elethiomel_arrival_infinity_welcomes_careful_drivers, layout_basic,
          minmay_distorted
D:2:      layout_rooms, serial_shops, shop, nicolae_ecumenical_lake_church
D:3:      layout_rooms, grunt_temple_overflow_magic_moments, uniq_pargi
D:4:      layout_cave_pools, eat_drink_and_be_merry_uskayaw,
          grunt_temple_overflow_open, minmay_temple_entry_junction,
          supply_closet_lemuel, minmay_gold_behind_fungi, uniq_menkaure

Skill      XL: |  1  2  3  4  5 |
---------------+----------------+-----
Invocations    | 1 2 |  2.0
Fighting       | 1 |  1.8
Long Blades    | 1 |  1.8
Axes           | 1 |  1.8
Maces & Flails | 1 |  1.8
Polearms       | 1 |  1.8
Staves         | 1 |  1.8
Ranged Weapons | 1 |  1.8
Throwing       | 1 |  1.8
Armour         | 1 |  1.8
Dodging        | 1 |  1.8
Shields        | 1 |  1.8
Unarmed Combat | 1 |  1.8
Spellcasting   | 3 |  3.3
Conjurations   | 1 |  1.4
Hexes          | 4 |  4.0
Summonings     | 1 |  1.4
Necromancy     | 1 |  1.4
Translocations | 1 |  1.4
Transmutations | 1 |  1.4
Fire Magic     | 1 |  1.4
Ice Magic      | 1 |  1.4
Air Magic      | 1 |  1.4
Earth Magic    | 1 |  1.4
Poison Magic   | 1 |  1.4
Stealth        | 3 |  3.0
Short Blades   | |  6.8
Evocations     | |  6.8

Action                   |  1- 3 |  4- 6 || total
-------------------------+-------+-------++-------
Melee: Rapier            |   104 |    81 ||   185
       Bite              |    15 |    10 ||    25
       Punch             |       |     2 ||     2
Evoke: Wand              |       |     4 ||     4
  Use: Scroll            |     3 |     6 ||     9
 Stab: Sleeping          |     6 |     3 ||     9
Armor: Robe              |    33 |    26 ||    59
Dodge: Dodged            |    49 |    49 ||    98

Table legend: (Time is in decaauts)
 A = Elapsed time spent in this place.
 B = Non-inter-level travel time spent in this place.
 C = Inter-level travel time spent in this place.
 D = Time resting spent in this place.
 E = Time spent auto-exploring this place.
 F = Levels seen in this place.
 G = Mean time per level.
                   A        B        C        D        E       F      G
               +--------+--------+--------+--------+--------+-----+--------+
         Total |   2477 |   2393 |     84 |    100 |   1821 |   4 |  619.2 |
       Dungeon |   2477 |   2393 |     84 |    100 |   1821 |   4 |  619.2 |
               +--------+--------+--------+--------+--------+-----+--------+

Top non-repeatable levels by time:
     D:1: 1140 daAuts
     D:2: 728 daAuts
     D:3: 598 daAuts
     D:4: 9 daAuts
